Map: Romanticide LE

Players

TLO

  • Race: Zerg Zerg
  • League: Master
  • Spawn Location: 11:00

Asuna - Winner!

  • Race: Protoss Protoss
  • League: Master
  • Spawn Location: 5:00

Event: DreamHack SC2 Masters 2020 Winter

VOD

Have the link to the VOD?

Description

Time

  • Played on: Oct. 29, 2020, 7:03 p.m.
  • Length: 15:04

All games in this series

Show
View Real Time Build Order
Export as new Build Order

TLO Zerg 

Build Orders: Hatch First 

Get SALT Encoding   

  12  0:00  Drone  
  13  0:12  Overlord  
  13  0:17  Drone  
  14  0:30  Drone x2  
  16  0:47  Hatchery  
  15  0:51  Drone  
  15  0:54  Drone  
  17  0:58  Drone  
  17  1:01  Extractor  
  17  1:13  Spawning Pool  
  17  1:17  Drone  
  17  1:20  Drone  
  18  1:29  Drone  
  19  1:59  Queen  
  19  2:00  Queen  
  19  2:01  Zergling x4  
  25  2:11  Drone  
  25  2:12  Overlord  
  26  2:29  Drone  
  27  2:30  Overlord  
  27  2:36  Drone  
  28  2:51  Hatchery  
  28  2:57  Metabolic Boost  
  26  3:01  Drone  
  26  3:05  Drone  
  28  3:07  Drone  
  28  3:10  Drone  
  30  3:13  Drone  
  30  3:16  Drone  
  32  3:21  Drone  
  33  3:28  Drone  
  34  3:34  Drone  
  35  3:46  Drone  
  36  3:49  Overlord  
  36  3:57  Drone, Hatchery  
  36  3:58  Drone  
  37  4:04  Drone  
  37  4:05  Drone  
  37  4:09  Drone  
  40  4:13  Queen  
  42  4:17  Zergling x2  
  42  4:18  Drone  
  42  4:20  Drone  
  42  4:23  Spore Crawler  
  44  4:26  Zergling x2  
  44  4:31  Drone, Spore Crawler  
  45  4:33  Drone x2  
  45  4:38  Drone  
  48  4:42  Drone  
  49  4:47  Baneling Nest, Zergling x2  
  49  4:51  Overlord  
  49  4:54  Overlord  
  49  4:57  Overlord  
  47  5:00  Overlord  
  47  5:02  Overlord  
  47  5:03  Evolution Chamber  
  46  5:08  Overlord  
  46  5:09  Drone  
  46  5:10  Drone  
  46  5:11  Drone  
  46  5:14  Drone x2  
  50  5:19  Drone  
  50  5:20  Drone  
  53  5:22  Drone  
  53  5:24  Zergling x2  
  53  5:27  Spore Crawler, Zergling x2  
  55  5:29  Zerg Melee Weapons Level 1  
  55  5:31  Zergling x2  
  55  5:34  Zergling x2  
  55  5:35  Zergling x2  
  57  5:36  Zergling x2  
  57  5:39  Zergling x2  
  57  5:41  Drone  
  57  5:42  Drone, Zergling x2  
  61  5:45  Drone  
  61  5:46  Drone  
  61  5:48  Drone  
  61  5:49  Drone  
  65  5:52  Lair, Extractor  
  65  5:54  Drone  
  65  5:56  Drone  
  66  5:58  Drone  
  66  5:59  Drone  
  67  6:05  Zergling x2  
  67  6:06  Zergling x2  
  67  6:09  Zergling x2  
  67  6:10  Drone  
  71  6:11  Zergling x4  
  71  6:13  Drone  
  71  6:18  Drone x2  
  74  6:19  Overlord  
  74  6:23  Hatchery  
  74  6:24  Drone x2  
  75  6:26  Drone  
  75  6:28  Drone, Extractor  
  75  6:29  Extractor  
  75  6:30  Drone, Extractor  
  75  6:31  Extractor  
  74  6:33  Baneling x4  
  74  6:35  Drone x2  
  74  6:37  Drone  
  74  6:38  Drone  
  74  6:39  Drone  
  79  6:40  Drone  
  79  6:45  Queen, Zergling x2  
  79  6:47  Zergling x2  
  84  6:48  Zergling x2  
  84  6:51  Zergling x2  
  85  6:55  Zergling x2  
  85  6:56  Zergling x4  
  85  6:57  Zergling x2  
  86  7:01  Zergling x2  
  86  7:03  Drone  
  86  7:04  Drone  
  86  7:07  Drone x2  
  89  7:08  Spire  
  89  7:09  Drone  
  89  7:11  Drone  
  90  7:15  Drone  
  90  7:18  Queen, Unknown  
  90  7:22  Drone, Spore Crawler  
  92  7:23  Spore Crawler  
  92  7:25  Drone  
  92  7:26  Drone  
  92  7:27  Overlord  
  92  7:30  Drone  
  92  7:32  Zergling x2  
  92  7:33  Zergling x2  
  92  7:35  Zergling x2  
  97  7:38  Drone  
  97  7:39  Hatchery  
  97  7:41  Drone  
  96  7:44  Drone  
  96  7:48  Drone  
  94  7:51  Zergling x2  
  94  7:52  Zergling x2  
  94  7:54  Zergling x2  
  94  7:55  Zergling x4  
  94  7:56  Zergling x2  
  91  7:59  Drone  
  91  8:02  Drone  
  91  8:03  Overlord x2  
  93  8:05  Centrifical Hooks  
  93  8:06  Zerg Melee Weapons Level 2  
  93  8:09  Overlord  
  93  8:12  Baneling x6  
  93  8:16  Overlord  
  93  8:18  Overlord  
  93  8:21  Zergling x8  
  93  8:24  Zergling x2  
  93  8:26  Spore Crawler  
  97  8:28  Zergling x2  
  97  8:29  Zerg Flyer Weapons Level 1  
  97  8:31  Corruptor x2  
  97  8:32  Spore Crawler  
  101  8:34  Corruptor  
  101  8:38  Zergling x2  
  101  8:39  Zergling x2  
  104  8:45  Zergling x4  
  104  8:46  Zergling x6  
  101  8:51  Zergling x4  
  101  8:52  Hydralisk Den  
  101  8:53  Drone  
  103  8:58  Hydralisk Den, Zergling x4  
  103  9:01  Zergling x6  
  103  9:02  Zergling x4  
  109  9:03  Zergling x2  
  109  9:04  Zergling x2  
  109  9:06  Zergling x2  
  111  9:13  Drone  
  112  9:18  Pneumatized Carapace  
  112  9:22  Zergling x12  
  114  9:31  Grooved Spines, Hydralisk  
  114  9:32  Hydralisk x3  
  114  9:37  Infestation Pit  
  121  9:40  Hydralisk x3  
  125  9:48  Hydralisk x3  
  125  9:49  Zergling x2  
  125  9:50  Zergling x2  
  125  9:51  Zergling x4  
  125  9:52  Hydralisk  
  125  9:53  Zergling x2  
  125  9:55  Zergling x2  
  125  9:56  Zergling x2  
  120  10:00  Queen, Hydralisk x2  
  120  10:01  Zergling x2  
  120  10:02  Zergling x2  
  120  10:04  Zergling x4  
  120  10:06  Zergling x2  
  128  10:11  Baneling x4  
  128  10:13  Hydralisk  
  128  10:14  Spore Crawler  
  128  10:16  Pathogen Glands  
  128  10:19  Baneling x3  
  128  10:21  Hydralisk  
  127  10:22  Hydralisk  
  127  10:26  Muscular Augments  
  127  10:27  Zerg Missile Weapons Level 1, Zergling x2  
  132  10:28  Baneling x4  
  132  10:29  Baneling  
  132  10:31  Hydralisk  
  132  10:35  Burrow, Zergling x2  
  134  10:39  Zergling x2  
  134  10:42  Overlord  
  136  10:44  Zergling x2  
  136  10:47  Infestor  
  136  10:48  Infestor x3  
  145  10:50  Zergling x2, Hydralisk  
  145  10:52  Zergling x2  
  145  10:53  Baneling x3  
  145  10:55  Zergling x4  
  151  10:57  Zergling x2  
  151  10:58  Zergling x2  
  151  10:59  Zergling x2  
  151  11:03  Zergling x2  
  155  11:04  Baneling x2  
  155  11:05  Zergling x2  
  155  11:08  Zergling x6  
  155  11:10  Zergling x2  
  155  11:11  Zergling x2  
  161  11:13  Neural Parasite, Overlord  
  161  11:14  Hydralisk  
  163  11:18  Hydralisk  
  163  11:19  Hydralisk  
  163  11:30  Hydralisk  
  163  11:31  Hydralisk x4  
  160  11:33  Zergling x2  
  160  11:35  Zergling x2  
  151  11:41  Hydralisk  
  151  11:44  Hydralisk  
  151  11:46  Hydralisk x3  
  148  11:47  Zergling x2  
  148  11:48  Zergling x2  
  148  11:49  Zergling x4  
  148  11:50  Zergling x2  
  148  11:52  Zergling x4  
  148  11:53  Zergling x2  
  141  11:57  Infestor x2  
  141  11:59  Baneling x3  
  141  12:00  Baneling  
  143  12:01  Infestor  
  143  12:04  Infestor  
  143  12:07  Hydralisk  
  149  12:10  Baneling x3  
  149  12:11  Baneling x4  
  149  12:14  Zergling x2  
  151  12:15  Zergling x2  
  151  12:18  Zergling x2  
  151  12:19  Zergling x4  
  151  12:20  Zergling x2  
  151  12:21  Zergling x2  
  156  12:25  Baneling x2  
  156  12:28  Baneling  
  156  12:29  Baneling x3, Zergling x4  
  158  12:30  Overlord x2  
  158  12:31  Overlord  
  158  12:33  Hydralisk  
  158  12:35  Overlord  
  160  12:45  Hydralisk  
  160  12:46  Hatchery  
  160  12:47  Zergling x2  
  160  12:48  Zergling x2  
  160  12:49  Hydralisk  
  162  12:52  Zergling x2  
  162  12:54  Baneling x6  
  162  12:55  Zergling x2  
  162  12:56  Zergling x2  
  162  12:58  Zergling x2  
  166  13:01  Zergling x2  
  166  13:02  Zergling x4  
  166  13:03  Zergling x2  
  170  13:05  Baneling  
  170  13:06  Baneling x5  
  170  13:09  Hydralisk  
  170  13:10  Hydralisk  
  174  13:13  Hydralisk  
  174  13:15  Hydralisk  
  174  13:17  Hydralisk  
  172  13:22  Hydralisk x2  
  172  13:23  Hydralisk  
  172  13:26  Zergling x2  
  167  13:27  Zergling x4  
  167  13:29  Zergling x2  
  167  13:30  Zergling x2  
  167  13:31  Zergling x2  
  167  13:32  Hydralisk  
  160  13:38  Hydralisk  
  160  13:40  Zergling x4  
  159  13:44  Infestor x6, Hydralisk  
  159  13:46  Hydralisk  
  159  13:48  Zergling x2  
  153  13:51  Hydralisk  
  153  13:53  Zergling x2, Hydralisk  
  156  13:55  Zergling x2  
  156  13:57  Hydralisk  
  156  13:59  Hydralisk  
  161  14:03  Hydralisk  
  161  14:08  Hydralisk x2  
  161  14:09  Hydralisk  
  162  14:12  Infestor  
  162  14:13  Baneling  
  162  14:16  Infestor  
  164  14:21  Baneling  
  164  14:22  Drone  
  164  14:23  Infestor x2  
  166  14:33  Hydralisk x4  
  174  14:39  Zergling x2  
  174  14:44  Zergling x2  
Show
View Real Time Build Order
Export as new Build Order

Asuna Protoss - Winner!

Build Orders:  

Get SALT Encoding   

  12  0:00  Probe  
  13  0:12  Probe  
  14  0:20  Pylon  
  14  0:24  Probe  
  15  0:38  Probe (Chrono Boost)  
  15  0:39  Gateway  
  16  0:48  Assimilator  
  16  0:49  Probe (Chrono Boost)  
  17  0:53  Probe (Chrono Boost)  
  18  1:04  Probe  
  19  1:12  Forge  
  19  1:26  Cybernetics Core  
  19  1:33  Pylon  
  19  1:35  Pylon  
  19  1:38  Pylon  
  19  1:51  Photon Cannon  
  19  1:53  Photon Cannon  
  19  1:55  Pylon  
  19  2:08  Photon Cannon  
  19  2:10  Probe  
  19  2:13  Adept (Chrono Boost)  
  20  2:22  Probe  
  23  2:24  Pylon  
  23  2:26  Warp Gate  
  22  2:34  Probe  
  23  2:39  Stalker  
  23  2:43  Assimilator  
  25  2:47  Probe  
  26  2:59  Probe  
  27  3:11  Nexus  
  27  3:21  Stargate  
  27  3:25  Probe  
  28  3:31  Pylon  
  28  3:39  Probe  
  29  3:43  Adept  
  31  3:52  Gateway  
  31  3:54  Probe  
  32  4:03  Oracle (Chrono Boost)  
  32  4:06  Probe  
  36  4:15  Pylon  
  36  4:18  Probe  
  36  4:21  Adept  
  39  4:24  Probe  
  39  4:30  Probe  
  41  4:33  Void Ray (Chrono Boost)  
  41  4:37  Probe  
  46  4:45  Probe (Chrono Boost)  
  46  4:49  Probe (Chrono Boost)  
  48  4:57  Probe (Chrono Boost)  
  48  4:58  Probe (Chrono Boost)  
  50  5:01  Probe (Chrono Boost)  
  50  5:03  Probe (Chrono Boost)  
  50  5:05  Assimilator  
  52  5:07  Assimilator  
  52  5:12  Probe  
  52  5:13  Adept  
  55  5:21  Pylon  
  55  5:33  Pylon, Void Ray  
  55  5:39  Probe x2  
  61  5:46  Pylon  
  61  5:50  Nexus  
  61  5:58  Probe x2 (Chrono Boost)  
  63  6:05  Adept x2  
  63  6:08  Probe (Chrono Boost)  
  63  6:10  Stargate  
  68  6:13  Pylon, Void Ray (Chrono Boost)  
  68  6:24  Probe  
  68  6:25  Probe  
  74  6:27  Adept x2  
  78  6:34  Pylon  
  78  6:39  Shield Battery  
  78  6:47  Pylon  
  78  6:51  Void Ray (Chrono Boost)  
  78  6:52  Probe x2  
  82  7:02  Probe  
  82  7:03  Void Ray (Chrono Boost)  
  82  7:04  Probe x2  
  77  7:10  Assimilator  
  77  7:14  Probe  
  76  7:16  Probe x2  
  76  7:20  Pylon  
  76  7:21  Sentry, Void Ray  
  76  7:22  Photon Cannon, Sentry  
  82  7:26  Probe  
  87  7:31  Probe  
  87  7:32  Probe  
  87  7:35  Photon Cannon  
  89  7:48  Zealot x2  
  89  7:49  Probe (Chrono Boost)  
  89  7:50  Void Ray  
  93  7:53  Probe x2 (Chrono Boost)  
  97  8:01  Probe (Chrono Boost)  
  97  8:03  Assimilator  
  97  8:05  Probe x2 (Chrono Boost)  
  100  8:06  Probe (Chrono Boost)  
  100  8:10  Stalker  
  103  8:13  Probe x2  
  103  8:16  Probe  
  103  8:17  Photon Cannon, Shield Battery  
  106  8:25  Twilight Council, Probe  
  108  8:31  Gateway x2  
  107  8:36  Gateway  
  107  8:41  Zealot x2  
  111  8:45  Probe x2  
  111  8:47  Probe  
  97  8:52  Protoss Ground Weapons Level 1 (Chrono Boost)  
  97  8:53  Gateway  
  97  8:57  Probe  
  97  9:02  Charge (Chrono Boost)  
  98  9:07  Templar Archives  
  98  9:08  Zealot, Sentry  
  102  9:13  Void Ray x2 (Chrono Boost)  
  110  9:26  Pylon  
  110  9:30  Pylon, Protoss Air Weapons Level 1  
  110  9:36  Pylon  
  110  9:38  Pylon  
  110  9:43  Gateway  
  110  9:46  Gateway, Zealot x2  
  110  9:47  Zealot  
  110  9:49  Zealot  
  116  10:00  Probe x2  
  116  10:04  Photon Cannon  
  116  10:05  Photon Cannon  
  116  10:06  Gateway  
  118  10:09  Shield Battery  
  118  10:19  High Templar x4  
  118  10:20  Zealot  
  128  10:23  Archon, Gateway  
  128  10:24  Archon  
  128  10:26  Robotics Facility  
  128  10:28  Pylon  
  128  10:34  Pylon  
  128  10:36  Photon Cannon  
  128  10:42  High Templar x3  
  134  10:52  High Templar x4  
  134  10:54  Protoss Ground Weapons Level 2  
  142  10:57  Archon x3  
  142  10:59  Pylon  
  142  11:00  Nexus  
  142  11:03  High Templar  
  142  11:04  Pylon  
  144  11:08  Archon  
  144  11:12  Psionic Storm  
  144  11:18  Fleet Beacon, Zealot x2  
  148  11:19  Zealot  
  138  11:39  Zealot x6  
  123  11:48  Zealot x3  
  123  11:52  Photon Cannon  
  117  11:58  Shield Battery  
  117  12:00  High Templar x4  
  125  12:04  High Templar  
  127  12:09  Photon Cannon  
  127  12:10  Photon Cannon, Probe x2  
  127  12:12  Probe x2  
  131  12:16  Protoss Air Weapons Level 2 (Chrono Boost)  
  131  12:17  Assimilator  
  131  12:19  Observer  
  131  12:20  Assimilator  
  132  12:25  Probe x2  
  134  12:30  High Templar, Photon Cannon  
  136  12:39  High Templar  
  136  12:41  Probe x2  
  140  12:48  Probe x2  
  133  12:53  Probe x2  
  141  12:59  Carrier (Chrono Boost)  
  141  13:00  Probe (Chrono Boost)  
  141  13:03  Probe (Chrono Boost)  
  141  13:05  Probe (Chrono Boost)  
  145  13:06  Probe (Chrono Boost)  
  145  13:09  Carrier (Chrono Boost)  
  145  13:12  Probe (Chrono Boost)  
  152  13:17  Probe x2 (Chrono Boost)  
  152  13:19  Shield Battery  
  154  13:20  Shield Battery  
  150  13:36  Probe x3  
  153  13:41  Carrier (Chrono Boost)  
  153  13:44  Pylon  
  141  13:50  Stargate, Carrier (Chrono Boost)  
  141  13:55  Photon Cannon  
  145  13:58  Observer  
  145  14:02  High Templar  
  148  14:03  High Templar  
  148  14:06  Probe x2  
  152  14:17  Zealot x5  
  162  14:30  Zealot x2  
  166  14:37  Zealot x2  
  169  14:40  Zealot x5  
  179  14:51  Archon x2  
  179  14:52  Archon  
  169  14:54  Zealot x2  
  169  14:56  Nexus  
  169  14:58  Photon Cannon  
  169  15:01  Shield Battery  
Tags
 
Add a new tag
Caveats
  • Supply blocks, unpowered buildings, or Contaminate may cause inaccurate times.
  • Supply counts are checked every 10 seconds.